[Event "*** SCC Grand Prix: Titled Tuesday Blitz"]
[Site "Chess.com"]
[Date "2020.08.11"]
[Round "10"]
[White "tlomigtlis"]
[Black "dosto07"]
[Result "1-0"]
[WhiteElo "2421"]
[BlackElo "2295"]
[TimeControl "180+1"]
[EndTime "11:58:38 PDT"]
[Termination "tlomigtlis won by checkmate"]

1. d4 d5 2. c4 dxc4 3. e4 Nf6 4. e5 Nd5 5. Bxc4 Nb6 6. Bb3 Nc6 7. Nf3 Bf5 8. O-O e6 9. Nc3 Be7 10. Bf4 O-O 11. d5 Na5 12. dxe6 fxe6 13. Qxd8 Raxd8 14. Be3 Nxb3 15. axb3 a6 16. Rac1 c5 17. Ne2 Bd3 18.
Rfe1 Bxe2 19. Rxe2 Rd5 20. b4 Nd7 21. bxc5 Bxc5 22.
Bxc5 Nxc5 23. Kf1 Rfd8 24. Rec2 Nd3 25. Rd1 Nxe5 26. Rxd5 Rxd5 27. Nxe5 Rxe5 28. Rc8+ Kf7 29. Rc7+ Kf6 30. Rxb7 a5 31. g3 h5 32. Kg2 Rc5 33.
h4 g6 34. Kf3 e5 35. Ke4 Rc2 36.
Rb6+ Kf7 37. Kxe5 Re2+ 38. Kf4 Rxf2+ 39. Kg5 Rf5+ 40. Kh6 Rd5 41. Rxg6 Rb5 42. Rg5 Rxb2 43. Rxa5 Rb3 44. Rg5 Kf6 45. Kxh5 Ra3 46. Kg4 Ra4+ 47. Kh3 Ra1 48. Kg4 Ra2 49. Rf5+ Kg6 50. Rf4 Ra1 51. h5+ Kh6 52. Rf6+ Kg7 53. Rb6 Ra3 54. Kh4 Ra6 55. Rxa6 Kh7 56. g4 Kg7 57. g5 Kh7 58. Ra7+ Kg8 59. h6 Kh8 60. g6 Kg8 61. Ra8# 1-0

[Event "*** SCC Grand Prix: Titled Tuesday Blitz"]
[Site "Chess.com"]
[Date "2020.08.11"]
[Round "10"]
[White "ketster"]
[Black "Alexandr_Kholin"]
[Result "1/2-1/2"]
[WhiteElo "2391"]
[BlackElo "2512"]
[TimeControl "180+1"]
[EndTime "11:58:39 PDT"]
[Termination "Game drawn by repetition"]

1. d4 d5 2. c4 e6 3. Nc3 Be7 4.
cxd5 exd5 5. Bf4 c6 6. e3 Bf5 7. g4 Be6 8. h3 Nf6 9. Bd3 Qb6 10. Qc2 Nbd7 11. Nf3 Rc8 12. Ng5 c5 13. Nxe6 fxe6 14. dxc5 Nxc5 15. O-O Nxd3 16. Qxd3 O-O 17. Be5 Bd6 18.
Bxd6 Qxd6 19. Rad1 Qe5 20. f4 Qc7 21. Kg2 Qb6 22.
Rf2 a6 23. g5 Nh5 24. f5 Qc7 25. Ne2 Qe5 26. Rdf1 g6 27. fxg6 Qxg5+ 28. Kh2 Qe5+ 29. Kh1 Rxf2 30. gxh7+ Kg7 31. Rxf2 Qxb2 32. Rg2+ Kh8 33. Qg6 Ng7 34. Nf4 Qa1+ 35. Kh2 Rc1 36. Qf7 Rh1+ 37.
Kg3 Qe1+ 38. Kg4 Kxh7 39. Qg6+ Kh8 40. Qf7 Qd1+ 41. Kg5 Rg1 42. Ng6+ Kh7 43. Nf8+ Kh8 44. Ng6+ Kh7 45. Nf8+ Kh8 46. Ng6+ 1/2-1/2

[Event "*** SCC Grand Prix: Titled Tuesday Blitz"]
[Site "Chess.com"]
[Date "2020.08.11"]
[Round "10"]
[White "MuhittinBuker"]
[Black "Danfii"]
[Result "0-1"]
[WhiteElo "2026"]
[BlackElo "2357"]
[TimeControl "180+1"]
[EndTime "11:58:39 PDT"]
[Termination "Danfii won on time"]

1. c4 e5 2. Nc3 Nf6 3. Nf3 Nc6 4. g3 d5 5. cxd5 Nxd5 6. Bg2 Be7 7. O-O Nb6 8. d3 O-O 9. a3 Re8 10. b4 Bf8 11.
Bb2 a5 12. b5 Nd4 13. Nd2 a4 14. Rc1 Ra7 15. Nce4 Ra5 16. Bxd4 exd4 17. Nc4 Rxb5 18. Nxb6 Rxb6 19. Qxa4 Ra6 20. Qc2 Bxa3 21. Ra1 Rc6 22. Qa2 Bf8 23. h4 Be6 24. Qa7 Qb8 25. Ng5 Rb6 26. Nxe6 fxe6 27. Qa4 Rb4 28. Qd7 Qc8 29.
Qxc8 Rxc8 30. Ra7 c6 31. Rfa1 Kf7 32. Be4 g6 33. f4 Bc5 34. Kf2 Bxa7 35. Rxa7 Kf6 36. Kf3 Rb1 37. g4 h5 38. g5+ Kf7 39.
Kf2 Rb4 40. Ra2 Rb6 41. Ra4 c5 42. Ra5 Ra6 43. Rb5 b6 44. Bb7 Rca8 45. Bxa8 Rxa8 46.
Rxb6 Rc8 47. Rb7+ Kf8 48. Rd7 Rc6 49. Ra7 Rc8 50. Kf3 c4 51. dxc4 Rxc4 52. Ke4 d3+ 53. Kxd3 Rxf4 0-1

[Event "*** SCC Grand Prix: Titled Tuesday Blitz"]
[Site "Chess.com"]
[Date "2020.08.11"]
[Round "10"]
[White "Khvicha_Supatashvili"]
[Black "JesseKraai"]
[Result "0-1"]
[WhiteElo "2696"]
[BlackElo "2562"]
[TimeControl "180+1"]
[EndTime "11:58:40 PDT"]
[Termination "JesseKraai won on time"]

1. d4 d6 2. Nf3 Nf6 3. c4 Nbd7 4. Nc3 e5 5. Bg5 Be7 6. e3 O-O 7. Be2 Re8 8. O-O h6 9. Bh4 g5 10. Bg3 Nh5 11. Qc2 Nxg3 12. hxg3 Bf6 13. d5 Bg7 14. e4 a5 15. Nh2 f5 16. exf5 Nc5 17. g4 e4 18. Rfe1 Qf6 19. Bf3 e3 20. fxe3 Bd7 21.
Nf1 a4 22. Ng3 Qe5 23. Nh5 Bh8 24. a3 Rf8 25. Rad1 Be8 26. e4 Bxh5 27. gxh5 Rae8 28.
Qf2 Bf6 29. g3 Kh8 30. Kg2 Rg8 31. Bg4 Rg7 32. Re2 Rge7 33. Qf3 Nb3 34. Qd3 Nc5 35. Qf3 Nb3 36. Qe3 Nc5 37. Kf3 Ra8 38. Kg2 Ra6 39.
Nb5 Rb6 40. Nd4 Re8 41. Qf3 Re7 42. Qe3 Re8 43. Nb5 Re7 44. Rde1 c6 45. Nc3 Rb3 46. Qd2 Re8 47. Re3 Qe7 48. R3e2 Be5 49. Re3 Qf6 50. Rc1 Bd4 51. Re2 Kg7 52. Rc2 Bxc3 53. Rxc3 Nxe4 54. Rxe4 Rxe4 55. Rxb3 axb3 56. Bf3 Re5 57.
dxc6 bxc6 58. Qb4 Rxf5 0-1

[Event "*** SCC Grand Prix: Titled Tuesday Blitz"]
[Site "Chess.com"]
[Date "2020.08.11"]
[Round "10"]
[White "ChessBitl"]
[Black "alexrustemov"]
[Result "1-0"]
[WhiteElo "2470"]
[BlackElo "2629"]
[TimeControl "180+1"]
[EndTime "11:58:40 PDT"]
[Termination "ChessBitl won on time"]

1. e4 e6 2. d4 d5 3. Nd2 c5 4.
Ngf3 cxd4 5. Nxd4 Nf6 6. exd5 Nxd5 7. N2f3 Be7 8. Bd3 Nb4 9. Bb5+ Bd7 10. Bxd7+ Qxd7 11. c3 N4c6 12. O-O Nxd4 13. Nxd4 e5 14. Nf3 Qxd1 15.
Rxd1 Nc6 16. Be3 f6 17. Kf1 Kf7 18. Ke2 Ke6 19. g3 Rac8 20. Nd2 Rhd8 21. h4 f5 22. a4 a6 23. Bb6 Rd5 24. Nb3 e4 25. Rxd5 Kxd5 26. Rd1+ Ke6 27. f3 exf3+ 28. Kxf3 Ne5+ 29.
Kf2 Nc4 30. Be3 Nxb2 31. Nd4+ Kd5 32. Rd2 Ke4 33. Rxb2 Rxc3 34. Bd2 Rd3 35. Ne6 Bd6 36. Bf4 Bxf4 37. Nxf4 Rf3+ 38. Kg2 Ra3 39. Rb4+ Ke3 40. Rxb7 Rxa4 41. Re7+ Kd4 42. Rxg7 Ra2+ 43. Kh3 Ke4 44. Rxh7 Kf3 45. h5 Ra1 46. Kh4 Rh1+ 47. Kg5 Rg1 48. h6 Rxg3+ 49. Kxf5 Rg4 50. Ng6 Rb4 51. Ra7 Rb5+ 52.
Ne5+ Ke3 53. h7 Rb8 54. Rxa6 1-0

[Event "*** SCC Grand Prix: Titled Tuesday Blitz"]
[Site "Chess.com"]
[Date "2020.08.11"]
[Round "10"]
[White "chegueps"]
[Black "XDPS"]
[Result "1-0"]
[WhiteElo "2485"]
[BlackElo "2625"]
[TimeControl "180+1"]
[EndTime "11:58:40 PDT"]
[Termination "chegueps won on time"]

1. e4 e5 2. Qh5 Nc6 3. Bc4 g6 4. Qf3 f5 5. exf5 Nd4 6. Qd5 Qf6 7. fxg6 Nxc2+ 8. Kd1 Nxa1 9. Qf7+ Kd8 10. Nf3 hxg6 11. Nxe5 Rh5 12. d4 Qxf7 13. Nxf7+ Ke8 14. g4 Ra5 15. Bd2 d5 16. Bxa5 dxc4 17. Ne5 Bd6 18. Nxg6 Bxg4+ 19. Kd2 Bf5 20. Nh4 Bf4+ 21. Kc3 Bd3 22.
Re1+ Kd7 23. Na3 Nf6 24. Nxc4 Bxc4 25. Kxc4 Nc2 26. Re2 b5+ 27. Kd3 Na1 28. Ng6 Bd6 29.
Re1 Rg8 30. Ne5+ Bxe5 31. dxe5 Nd5 32. Rxa1 Rg2 33. Ke4 Ke6 34. f4 Re2+ 35. Kf3 Rxh2 36. Rg1 Rh3+ 37. Ke4 Re3+ 38. Kd4 c5+ 39. Kxc5 Nxf4 40.
Bd2 Nd3+ 41. Kxb5 Rxe5+ 42. Ka6 Nxb2 43. Bc3 Re2 44. Kxa7 Nd3 45. a4 Nc5 46. a5 Ra2 47.
Rd1 Ne4 48. Bb4 Ra4 49. Be1 Nd6 50. Kb6 Nc4+ 51. Kb5 Nb2 52. Rd2 Ra2 53. a6 1-0

[Event "*** SCC Grand Prix: Titled Tuesday Blitz"]
[Site "Chess.com"]
[Date "2020.08.11"]
[Round "10"]
[White "Zmeeed63"]
[Black "lider34"]
[Result "1-0"]
[WhiteElo "2235"]
[BlackElo "2368"]
[TimeControl "180+1"]
[EndTime "11:58:41 PDT"]
[Termination "Zmeeed63 won on time"]

1. d4 Nf6 2. c4 g6 3. Nc3 Bg7 4. Nf3 d6 5. Bg5 O-O 6. e3 Nbd7 7. Be2 h6 8. Bh4 c6 9. O-O Qc7 10. h3 e5 11. Bg3 Re8 12. c5 Nh5 13. Bh2 dxc5 14.
Nxe5 Nxe5 15. Bxh5 gxh5 16. Qxh5 cxd4 17. exd4 Nf3+ 18.
Qxf3 Qb6 19. d5 Qxb2 20. Ne4 cxd5 21. Nd6 Rf8 22. Rab1 Qxa2 23. Rb4 a5 24. Rh4 Ra6 25. Bf4 d4 26. Qg3 Kh7 27. Rc1 Qe6 28. Qd3+ Qg6 29. Qa3 Be6 30. Nxb7 Bd5 31. Rg4 Qf5 32. Nc5 Rg6 33. Rxg6 fxg6 34. Bg3 h5 35. Qxa5 Bh6 36. Rf1 h4 37. Bxh4 d3 38. Bg3 d2 39.
Rd1 Qc2 40. Qa1 Bg7 41. Nd7 Rg8 42. Qb1 Bc3 43. Qxc2 Be6 44. Nf6+ Bxf6 45. Rxd2 Rg7 46.
Qc6 Bf5 47. Rd6 Be7 48. Rd7 1-0

[Event "*** SCC Grand Prix: Titled Tuesday Blitz"]
[Site "Chess.com"]
[Date "2020.08.11"]
[Round "10"]
[White "Skatchkov_V"]
[Black "KuzubovYuriy"]
[Result "0-1"]
[WhiteElo "2643"]
[BlackElo "2821"]
[TimeControl "180+1"]
[EndTime "11:58:42 PDT"]
[Termination "KuzubovYuriy won on time"]

1. d4 Nf6 2. c4 e6 3. Nf3 d5 4.
g3 dxc4 5. Bg2 Bb4+ 6. Bd2 a5 7. O-O c6 8. Qc2 b5 9. Nc3 Nbd7 10. Rad1 Bb7 11.
Ne5 Bxc3 12. Bxc3 Nd5 13. a4 O-O 14. Bd2 N7b6 15. e4 Nb4 16. Bxb4 axb4 17. axb5 cxb5 18. d5 Qd6 19. Ng4 e5 20. f4 exf4 21. gxf4 b3 22.
Qf2 Na4 23. Kh1 c3 24. bxc3 Nxc3 25. Rd3 b4 26. e5 Qg6 27. Rg3 Ra2 28. Nf6+ gxf6 29.
Qb6 Bxd5 30. Bxd5 Nxd5 31. Qd4 Ne7 32. Rfg1 Nf5 33. Rxg6+ hxg6 34. Qd3 Kh7 35. Qh3+ Nh6 36. Qxb3 Rf2 37. Qxb4 Rc8 38. e6 Rcc2 39. Rg3 Rxh2+ 40. Kg1 Rhd2 41. Kh1 Nf5 42. Rh3+ Kg7 43. Rg3 Nxg3+ 0-1

[Event "*** SCC Grand Prix: Titled Tuesday Blitz"]
[Site "Chess.com"]
[Date "2020.08.11"]
[Round "10"]
[White "Blagorod"]
[Black "pirulillo"]
[Result "1/2-1/2"]
[WhiteElo "2119"]
[BlackElo "2210"]
[TimeControl "180+1"]
[EndTime "11:58:42 PDT"]
[Termination "Game drawn by repetition"]

1. e4 c5 2. Nc3 e6 3. g3 Nc6 4. Bg2 g6 5. d3 Bg7 6. Be3 Nge7 7. Bxc5 d6 8. Be3 O-O 9. f4 b6 10. Nf3 Bb7 11. O-O Rc8 12. Qd2 d5 13. Bf2 dxe4 14.
Nxe4 Nf5 15. g4 Nfd4 16. c3 Nxf3+ 17. Bxf3 f5 18. Ng5 Re8 19. Rfe1 Qd7 20. Re2 h6 21. Nh3 e5 22. gxf5 Qxf5 23. Bg2 Rc7 24. Rae1 Rce7 25. d4 exd4 26. Rxe7 Rxe7 27. Rxe7 Nxe7 28. Bxb7 dxc3 29. bxc3 Qxh3 30. Qd8+ Kf7 31. Bd5+ Nxd5 32. Qxd5+ Qe6 33. Qb7+ Qe7 34. Qd5+ Qe6 35. Qb7+ Kg8 36. Qxa7 Bxc3 37. Qxb6 Qxa2 38. Qb8+ Kh7 39. Qc7+ Bg7 40. Qd6 Qb1+ 41.
Kg2 Qe4+ 42. Kg1 Qf5 43. Kg2 h5 44. h3 Bf6 45. Qc7+ Kh6 46. Qd6 h4 47. Qf8+ Kh7 48. Qf7+ Kh6 49. Qf8+ Kh7 50. Qf7+ Kh8 51. Qf8+ Kh7 1/2-1/2

[Event "*** SCC Grand Prix: Titled Tuesday Blitz"]
[Site "Chess.com"]
[Date "2020.08.11"]
[Round "10"]
[White "Chess_Boxer123"]
[Black "Srisshhhtea"]
[Result "1-0"]
[WhiteElo "2590"]
[BlackElo "2368"]
[TimeControl "180+1"]
[EndTime "11:58:44 PDT"]
[Termination "Chess_Boxer123 won on time"]

1. d4 Nf6 2. Bf4 d5 3. e3 e6 4. Nf3 Bd6 5. Bg3 O-O 6. Nbd2 c5 7. c3 Nc6 8. Bd3 b6 9. Qe2 h6 10. Rd1 Bb7 11. e4 Bxg3 12. hxg3 cxd4 13. e5 dxc3 14.
bxc3 Nd7 15. g4 Qc7 16. g5 Ncxe5 17. gxh6 Nxd3+ 18. Qxd3 g6 19. h7+ Kh8 20. Qe3 Rac8 21. c4 dxc4 22. Ne4 Bxe4 23. Qxe4 Nf6 24. Qh4 Qe7 25. Rd7 Qb4+ 26. Rd2 Qb1+ 27. Ke2 Qe4+ 28. Qxe4 Nxe4 29. Rd7 a5 30. Ne5 Kg7 31. Nxf7 Rxf7 32. h8=Q+ Rxh8 33. Rxf7+ Kxf7 34. Rxh8 Nc3+ 35. Ke3 Nxa2 36.
Rb8 c3 37. Kd3 Nb4+ 38. Kxc3 Nd5+ 39. Kd4 Kf6 40. g3 Kf5 41. Rf8+ Kg4 42. Ke5 a4 43. Ra8 b5 44. Ra5 Nc3 45. Kd4 Ne2+ 46. Kd3 Nc1+ 47.
Kc2 1-0

[Event "*** SCC Grand Prix: Titled Tuesday Blitz"]
[Site "Chess.com"]
[Date "2020.08.11"]
[Round "10"]
[White "Steven_Rojas"]
[Black "QuintilianoR"]
[Result "1-0"]
[WhiteElo "2484"]
[BlackElo "2624"]
[TimeControl "180+1"]
[EndTime "11:58:44 PDT"]
[Termination "Steven_Rojas won on time"]

1. c4 e5 2. Nc3 Nf6 3. Nf3 Nc6 4. e3 Bb4 5. Qc2 O-O 6. Nd5 Re8 7. Qf5 d6 8. Nxf6+ Qxf6 9. Qxf6 gxf6 10. a3 Ba5 11. b4 Bb6 12. Bb2 a5 13. b5 Nd8 14. d4 Ne6 15.
O-O-O a4 16. Bd3 Ng7 17. Nh4 c6 18. bxc6 bxc6 19. Kc2 f5 20. c5 Bd8 21. g3 e4 22.
Bc4 d5 23. Be2 Ba6 24. Bxa6 Rxa6 25. Ng2 Bc7 26. Bc3 Rb8 27. Rb1 Raa8 28. Rhc1 Ne6 29.
Nh4 Ng7 30. f4 Kf8 31. Kd2 Ke7 32. Ng2 Ke6 33. Ne1 Rb5 34. Nc2 Rab8 35. Rb4 Rxb4 36.
Nxb4 Kd7 37. Rb1 Ne8 38. Kc2 Nf6 39. h3 h5 40. Be1 Rb5 41. Na2 Rxb1 42. Kxb1 Bd8 43.
Kc2 Ne8 44. h4 Nf6 45. Bb4 Ng4 46. Kd2 Nf2 47. Nc3 Nh1 48. Ne2 Nf2 49. Bc3 Nd3 50.
Kc2 Kc8 51. Bb4 Kb7 52. Nc3 1-0

[Event "*** SCC Grand Prix: Titled Tuesday Blitz"]
[Site "Chess.com"]
[Date "2020.08.11"]
[Round "10"]
[White "allvim"]
[Black "bratkoo"]
[Result "0-1"]
[WhiteElo "2372"]
[BlackElo "2548"]
[TimeControl "180+1"]
[EndTime "11:58:45 PDT"]
[Termination "bratkoo won by resignation"]

1. e4 e6 2. d4 d5 3. Nd2 Nf6 4. e5 Nfd7 5. Bd3 c5 6. c3 Nc6 7. Ne2 cxd4 8. cxd4 f6 9. exf6 Nxf6 10. Nf3 Bd6 11.
O-O O-O 12. g3 e5 13. dxe5 Nxe5 14. Nxe5 Bxe5 15. Bf4 Bxb2 16. Rb1 Ba3 17. Qb3 Bd6 18. Bg5 Be7 19. Nf4 Kh8 20. Bxf6 Bxf6 21. Qxd5 Qxd5 22. Nxd5 Bd4 23. Rb4 Bc5 24. Rh4 Bf5 25. Bxf5 Rxf5 26. Nf4 g5 27. Rh5 Kg7 28. Ne6+ Kg6 29. g4 Re5 30.
Nxc5 Rxc5 31. Re1 Rf8 32. Re6+ Rf6 33. Rxf6+ Kxf6 34. Rxh7 Rb5 35. Kg2 a5 36. Rc7 Rb2 37. a4 Rb4 38. f3 b6 39. Rc6+ Ke5 40. Kg3 Kd5 41. Rg6 Kd4 42. h4 gxh4+ 43. Kxh4 Ke3 44. Kg3 Rb1 45. Re6+ Kd4 46. g5 Kd5 47. Re8 Rb4 48.
g6 Rb1 49. f4 Rg1+ 50. Kf3 Rxg6 51. f5 Rc6 52. Kf4 Rc4+ 53. Kg5 Rxa4 54. f6 Ra1 55. f7 Rg1+ 56. Kh4 Rf1 57. f8=Q Rxf8 58. Rxf8 a4 59. Kg4 b5 60. Kf4 b4 61. Ke3 Kc4 62.
Kd2 a3 63. Kc2 b3+ 64. Kb1 Kc3 65. Rf3+ Kb4 66. Rh3 Kc4 67. Rh4+ Kc3 68. Rh3+ Kc4 69. Rh8 Kc3 70. Rc8+ Kb4 71. Rb8+ Kc3 72. Rb7 Kc4 73. Ra7 Kb4 74. Rc7 Kb5 75. Rc8 Kb4 76. Kc1 Ka4 77.
Rc4+ Kb5 78. Rh4 Kc5 79. Kd2 a2 80. Rh1 b2 81. Kc2 a1=Q 82. Rxa1 0-1

[Event "*** SCC Grand Prix: Titled Tuesday Blitz"]
[Site "Chess.com"]
[Date "2020.08.11"]
[Round "10"]
[White "Eternauta2400"]
[Black "Batsai"]
[Result "1-0"]
[WhiteElo "2494"]
[BlackElo "2342"]
[TimeControl "180+1"]
[EndTime "11:58:46 PDT"]
[Termination "Eternauta2400 won by checkmate"]

1. e4 c5 2. Nf3 d6 3. Bb5+ Nd7 4. O-O g6 5. c3 Bg7 6. d4 cxd4 7. cxd4 Nf6 8. Re1 a6 9. Bd3 O-O 10. Nc3 e5 11. h3 Nh5 12. Be3 b5 13. a4 b4 14.
Nd5 a5 15. Rc1 Bb7 16. Nc7 Rc8 17. Nb5 d5 18. Rxc8 Qxc8 19. Nd6 Qa8 20. Nxb7 Qxb7 21. exd5 Qxd5 22. dxe5 Nxe5 23. Nxe5 Qxe5 24. b3 Qf6 25. Bc4 Rd8 26. Qg4 Qc3 27. Rd1 Rxd1+ 28. Qxd1 Be5 29. Bc5 Kg7 30. Bb6 Nf4 31. Bxa5 Bd4 32.
Bc7 Qb2 33. Qf1 g5 34. Bxf4 gxf4 35. Qe2 Qc1+ 36. Kh2 f3 37. Qxf3 Be5+ 38. g3 f6 39. Qg4+ Kf8 40. Qg8+ Ke7 41. Qxh7+ Kd6 42. Qe4 Qb2 43.
Qd5+ Ke7 44. Kg2 Qc3 45. a5 f5 46. a6 f4 47. Qe6+ Kd8 48. Qd5+ Kc7 49. a7 fxg3 50.
a8=Q gxf2 51. Qac6+ Kb8 52. Qd8+ Ka7 53. Qa5+ Kb8 54.
Qab6# 1-0

[Event "*** SCC Grand Prix: Titled Tuesday Blitz"]
[Site "Chess.com"]
[Date "2020.08.11"]
[Round "10"]
[White "Zkid"]
[Black "Anuar_Is"]
[Result "1/2-1/2"]
[WhiteElo "2846"]
[BlackElo "2714"]
[TimeControl "180+1"]
[EndTime "11:58:47 PDT"]
[Termination "Game drawn by stalemate"]

1. e4 c5 2. Nf3 Nc6 3. Bb5 g6 4. Bxc6 bxc6 5. O-O Bg7 6. Re1 Rb8 7.
c3 Nf6 8. e5 Nd5 9. d4 cxd4 10.
cxd4 O-O 11. Nc3 d6 12. Nxd5 cxd5 13. b3 Bg4 14. Bf4 dxe5 15. Bxe5 Rc8 16. Qd3 Bh6 17. Bg3 Bf5 18. Qa6 Be4 19. Ne5 f6 20. Ng4 Bg7 21. f3 Bf5 22. Ne3 Qd7 23. Nxf5 gxf5 24. Bf4 Rc2 25. Re2 Rxe2 26. Qxe2 Rc8 27. Re1 Kf7 28. Qa6 Rc6 29. Qb5 a6 30. Qd3 e6 31. h3 Qc8 32. Qe3 Bf8 33. Qf2 Bb4 34.
Re2 Bc3 35. Kh2 Bb4 36. Qh4 Qg8 37. g4 Qg6 38. Rg2 fxg4 39. hxg4 Rc2 40. Qh5 Rxg2+ 41. Kxg2 Bc3 42. Be3 Qxh5 43. gxh5 e5 44. dxe5 fxe5 45.
Kf2 Ke6 46. Ke2 Kf5 47. Kd3 Bb4 48. Bc1 Bc5 49. a3 e4+ 50. fxe4+ dxe4+ 51. Kc4 Bf2 52. b4 Kg4 53. a4 e3 54. b5 axb5+ 55. axb5 e2 56.
Bd2 e1=Q 57. Bxe1 Bxe1 58. Kd3 Kxh5 59. Ke2 Bg3 60. Kf3 Kh4 61. Kg2 Kg4 62. b6 h5 63.
b7 h4 64. Kh1 Bb8 65. Kg2 h3+ 66. Kh1 Kg3 67. Kg1 Bc7 68. Kh1 h2 69. b8=Q Bxb8 1/2-1/2

[Event "*** SCC Grand Prix: Titled Tuesday Blitz"]
[Site "Chess.com"]
[Date "2020.08.11"]
[Round "10"]
[White "GMKrikor"]
[Black "m_ezat"]
[Result "1-0"]
[WhiteElo "2732"]
[BlackElo "2607"]
[TimeControl "180+1"]
[EndTime "11:58:47 PDT"]
[Termination "GMKrikor won on time"]

1. e4 c6 2. d4 d5 3. Nc3 dxe4 4. Nxe4 Nd7 5. Ng5 Ngf6 6. Bd3 e6 7. N1f3 Bd6 8. Qe2 h6 9. Ne4 Nxe4 10. Qxe4 Qc7 11.
Qg4 g5 12. Qe4 b6 13. Bd2 Bb7 14. Qe2 O-O-O 15. O-O-O c5 16. Be4 Bxe4 17. Qxe4 Nf6 18. Qe2 c4 19. Rhe1 Nd5 20. c3 b5 21. h4 g4 22. Ne5 h5 23. f3 f5 24. Kb1 Kb7 25.
fxg4 hxg4 26. Bg5 Rde8 27. g3 a5 28. a4 b4 29. Nxc4 bxc3 30. Rc1 Bxg3 31. Rg1 Bxh4 32. Bxh4 Rxh4 33. bxc3 Rh2 34. Qd3 Ka7 35. Na3 Rb8+ 36. Nb5+ Rxb5+ 37. axb5 Kb6 38. c4 Nb4 39. c5+ Kb7 40. Qc4 f4 41. c6+ Kb8 42. Qc5 Qh7+ 43. Ka1 Nd5 44. c7+ Nxc7 45. b6 Qd7 46. bxc7+ Kc8 47.
Qf8+ Kb7 48. Qb8+ Ka6 49. c8=Q+ Qxc8 50. Qxc8+ Kb5 51. Qc4+ Kb6 52. Rb1+ Ka7 53. Rgc1 Rh7 54. Qc5+ Ka6 55. Rb6+ 1-0

[Event "*** SCC Grand Prix: Titled Tuesday Blitz"]
[Site "Chess.com"]
[Date "2020.08.11"]
[Round "10"]
[White "AlanZhang"]
[Black "Euge_chess"]
[Result "1-0"]
[WhiteElo "2165"]
[BlackElo "2043"]
[TimeControl "180+1"]
[EndTime "11:58:47 PDT"]
[Termination "AlanZhang won on time"]

1. e4 e5 2. Nf3 Nc6 3. Bb5 Nf6 4. d3 Bc5 5. c3 O-O 6. Bxc6 bxc6 7. Nxe5 Re8 8. Nf3 d5 9. e5 d4 10. O-O Ng4 11.
Bf4 Bf5 12. h3 Nh6 13. b4 Bb6 14. c4 c5 15. a3 c6 16. Re1 a5 17. bxc5 Bxc5 18.
Qc2 Bg6 19. Nbd2 Nf5 20. Ne4 Ba7 21. Rab1 h6 22. Rb7 c5 23. Reb1 Nh4 24. Nxh4 Qxh4 25.
Bg3 Qh5 26. Nd6 Rf8 27. Re7 Bb8 28. Rbb7 Bxd6 29. exd6 Rad8 30. d7 Bf5 31. Bc7 Rxd7 32. Rxd7 Bxd7 33. Bd6 Bc6 34. Bxf8 Bxb7 35. Bd6 Qg6 36.
Bg3 Bc6 37. Qb3 Kh7 38. Qb6 Ba4 39. Qxc5 Qxd3 40. Qxa5 Bc2 41. c5 Qd1+ 42. Kh2 d3 43. c6 d2 44. c7 Qe1 45. c8=Q d1=Q 46. Qxe1 Qxe1 47. Qxc2+ g6 48. a4 Kg7 49. Qa2 Qa5 50.
Qa3 h5 51. Bd6 Qa6 52. g3 1-0

[Event "*** SCC Grand Prix: Titled Tuesday Blitz"]
[Site "Chess.com"]
[Date "2020.08.11"]
[Round "10"]
[White "xamax2000"]
[Black "Kobalia"]
[Result "1-0"]
[WhiteElo "2656"]
[BlackElo "2769"]
[TimeControl "180+1"]
[EndTime "11:58:48 PDT"]
[Termination "xamax2000 won on time"]

1. e4 c5 2. Nf3 e6 3. d4 cxd4 4. Nxd4 a6 5. Qd3 Nf6 6. Be2 e5 7. Nf3 Nc6 8. c4 Bc5 9. Nc3 h6 10. Be3 d6 11. Rd1 Be6 12. O-O O-O 13. a3 Bg4 14. b4 Bxe3 15. Qxe3 Bxf3 16. Bxf3 Qc7 17. Ne2 a5 18. Qb3 axb4 19. axb4 Nh7 20. h4 Rfd8 21. Rd3 Qb6 22. Rb1 Nf6 23. g3 h5 24. Kg2 Ng4 25. Bxg4 hxg4 26. Nc3 Nd4 27. Nd5 Qa7 28. Qd1 Qa2 29. Rc1 Nf3 30. Rxf3 gxf3+ 31. Qxf3 Qb2 32.
Rc3 Ra2 33. h5 Qe2 34. Qxe2 Rxe2 35. Kf3 Rb2 36. Ra3 Rc2 37. Ne3 Rb2 38. Nd5 Rb8 39.
Ra7 Rc2 40. Ne3 Rb2 41. Nd5 g6 42. hxg6 fxg6 43. g4 Rf8+ 44. Kg3 Rbxf2 45. Rxb7 R2f7 46. Rb6 g5 47. Rxd6 Rf3+ 48. Kg2 Rf2+ 49. Kg1 Rb2 50. Rg6+ Kh7 51. Rxg5 Ra8 52. Rf5 Ra1+ 53. Rf1 Raa2 54. Rc1 Rg2+ 55. Kh1 Rxg4 56. Nf6+ 1-0

[Event "*** SCC Grand Prix: Titled Tuesday Blitz"]
[Site "Chess.com"]
[Date "2020.08.11"]
[Round "10"]
[White "Lupul_Cenusiu"]
[Black "martynkovaelena"]
[Result "1/2-1/2"]
[WhiteElo "2494"]
[BlackElo "2278"]
[TimeControl "180+1"]
[EndTime "11:58:48 PDT"]
[Termination "Game drawn by stalemate"]

1. d4 Nf6 2. c4 g6 3. Nc3 Bg7 4. e4 d6 5. Be2 O-O 6. Nf3 e5 7. O-O Nc6 8. d5 Ne7 9. Nd2 Ne8 10. b4 f5 11. a4 f4 12. c5 Nf6 13. Nc4 g5 14. f3 Ng6 15. Nb5 a6 16. Nxc7 Qxc7 17. Nxd6 Bd7 18. Ba3 Kh8 19. Rc1 h5 20. Nf5 Bxf5 21.
exf5 Nh4 22. Bd3 Nxd5 23. g3 Ne3 24. Qe2 Nxf1 25. Kxf1 Nxf5 26. Qe4 Rad8 27. Bb2 Qc6 28. Qxc6 bxc6 29. Bxa6 fxg3 30. hxg3 Nd4 31. Bxd4 Rxd4 32. b5 Rxa4 33. Bb7 cxb5 34. c6 Rc4 35. Rxc4 bxc4 36. c7 c3 37. Ke2 e4 38. fxe4 c2 39.
Kd2 Rf2+ 40. Kc1 Rf8 41. c8=Q Rxc8 42. Bxc8 Be5 43. g4 h4 44. Ba6 h3 45. Bf1 h2 46.
Bg2 Kg7 47. Kxc2 Kf6 48. Kd3 Ba1 49. Ke3 Ke5 50. Bf3 Bd4+ 51. Kd3 Kf4 52. Bh1 Be5 53. Ke2 Kg3 54. Bf3 Bf4 55. e5 Bxe5 56. Bd5 Kxg4 57. Kf1 Kg3 58. Bc6 Bd4 59. Bd5 g4 60. Bc6 Kh3 61.
Bg2+ Kg3 62. Bd5 Be3 63. Bc6 Bg1 64. Bd5 Kh4 65. Kg2 g3 66. Bc6 Bf2 67. Kh1 Be3 68.
Bg2 Kg5 69. Bf3 Kf4 70. Bg2 Bf2 71. Bf3 Kxf3 1/2-1/2

[Event "*** SCC Grand Prix: Titled Tuesday Blitz"]
[Site "Chess.com"]
[Date "2020.08.11"]
[Round "10"]
[White "tptagain"]
[Black "Son_of_Sultan"]
[Result "1-0"]
[WhiteElo "2917"]
[BlackElo "2715"]
[TimeControl "180+1"]
[EndTime "11:58:51 PDT"]
[Termination "tptagain won on time"]

1. e4 c5 2. Nc3 Nc6 3. Nf3 d6 4. Bb5 e5 5. d3 Be7 6. h3 Nf6 7.
O-O O-O 8. a4 Nd4 9. Bc4 Be6 10.
Nd2 d5 11. exd5 Nxd5 12. Re1 f6 13. Nxd5 Bxd5 14. c3 Bxc4 15. Nxc4 Ne6 16. Qg4 Qd5 17.
Ne3 Qc6 18. Nf5 Rae8 19. Bh6 Rf7 20. Bd2 Kh8 21. f4 Bd6 22. Nxd6 Qxd6 23. fxe5 Qxd3 24. Rad1 Qg6 25. Qxg6 hxg6 26. exf6 gxf6 27. Bc1 Kg7 28. Kf2 Rfe7 29. h4 Kf7 30. Kf3 b6 31. Kf2 Ng7 32.
Rxe7+ Rxe7 33. g3 Nf5 34. Bf4 Ke6 35. Rd8 Rd7 36. Rg8 Kf7 37. Ra8 Ng7 38. Bb8 a5 39. Bf4 Ne6 40. Be3 Nc7 41. Ra7 Ke6 42. g4 Nd5 43.
Rxd7 Kxd7 44. h5 gxh5 45. gxh5 Ke6 46. Kf3 f5 47. Bg5 c4 48. Bd8 Kf7 49. Kg3 Kg7 50. Kh4 Kh6 51. Bg5+ Kg7 52. Bd2 Kf6 53. Bc1 Nc7 54.
Bg5+ Kf7 55. Bf4 Nd5 56. Kg5 Ke6 57. h6 Nf6 58. Kg6 1-0

[Event "*** SCC Grand Prix: Titled Tuesday Blitz"]
[Site "Chess.com"]
[Date "2020.08.11"]
[Round "10"]
[White "Chesswizard_2007"]
[Black "ferch1ni"]
[Result "1/2-1/2"]
[WhiteElo "2500"]
[BlackElo "2322"]
[TimeControl "180+1"]
[EndTime "11:58:55 PDT"]
[Termination "Game drawn by repetition"]

1. Nf3 d5 2. c4 c6 3. g3 Nf6 4. Bg2 e6 5. O-O Be7 6. b3 O-O 7.
Bb2 Nbd7 8. e3 a5 9. Ne5 Nxe5 10. Bxe5 Nd7 11. Bb2 Bf6 12. Bxf6 Qxf6 13. Nc3 Nb6 14.
c5 Nd7 15. d4 e5 16. Re1 Re8 17. Rc1 exd4 18. Qxd4 Qxd4 19. exd4 Rxe1+ 20. Rxe1 Nf6 21. Re7 Bd7 22. Na4 Kf8 23. Re2 Re8 24. Kf1 Bf5 25. Ke1 Bb1 26. Nc3 Bd3 27. Rxe8+ Kxe8 28. Kd2 Ba6 29.
Bh3 h5 30. f3 Kd8 31. Ke3 Kc7 32. Bf5 b6 33. cxb6+ Kxb6 34. Na4+ Kc7 35. Nc5 Bc8 36. Bxc8 Kxc8 37. Kf4 Nd7 38. Nxd7 Kxd7 39. Ke3 g5 40. h4 f6 41. Kd3 Kd6 42. a3 Kc7 43. Kc3 Kb6 44. b4 a4 45. Kd3 Kc7 46. Ke3 Kd6 47. hxg5 fxg5 48. g4 hxg4 49. fxg4 Kd7 50. Kd3 Kc7 51.
Kc3 Kb6 52. Kd2 Ka6 53. Kd3 Kb5 54. Kc3 Kb6 55. Kd3 Kb5 56. Kc3 Kb6 1/2-1/2